Map: Orbital Shipyard

Players

TTS - Winner!

  • Race: Protoss Protoss
  • League: Platinum

Maniac

  • Race: Zerg Zerg
  • League: Diamond

VOD

Have the link to the VOD?

Description

Time

  • Played on: Feb. 23, 2016, 11:51 p.m.
  • Length: 10:23
Show
View Real Time Build Order
Export as new Build Order

TTS Protoss - Winner!

Build Orders: Nexus First 

Get SALT Encoding   

  12  0:01  Probe (Chrono Boost)  
  13  0:11  Probe (Chrono Boost)  
  14  0:17  Pylon  
  14  0:24  Probe (Chrono Boost)  
  15  0:35  Probe (Chrono Boost)  
  16  0:46  Probe (Chrono Boost)  
  17  0:56  Probe (Chrono Boost)  
  18  1:01  Nexus  
  18  1:07  Probe (Chrono Boost)  
  19  1:14  Gateway  
  20  1:18  Probe (Chrono Boost)  
  20  1:29  Probe (Chrono Boost), Assimilator  
  21  1:34  Assimilator  
  21  1:47  Pylon, Gateway  
  21  1:48  Probe (Chrono Boost)  
  22  1:58  Probe (Chrono Boost)  
  23  2:02  Cybernetics Core  
  23  2:09  Probe (Chrono Boost)  
  24  2:17  Probe (Chrono Boost)  
  24  2:19  Probe (Chrono Boost)  
  26  2:28  Probe (Chrono Boost)  
  28  2:30  Probe (Chrono Boost)  
  28  2:38  Probe (Chrono Boost), Adept x2 (Chrono Boost)  
  28  2:39  Warp Gate  
  33  2:46  Probe  
  34  2:52  Probe  
  34  2:56  Pylon  
  35  2:58  Probe  
  35  3:04  Probe  
  37  3:06  Adept (Chrono Boost)  
  37  3:08  Stalker (Chrono Boost)  
  37  3:10  Probe  
  42  3:13  Pylon  
  42  3:16  Probe  
  42  3:19  Assimilator  
  43  3:23  Probe  
  43  3:24  Assimilator  
  44  3:28  Probe  
  45  3:35  Probe  
  45  3:40  Probe (Chrono Boost)  
  47  3:47  Probe (Chrono Boost)  
  48  3:54  Probe (Chrono Boost)  
  47  3:59  Probe (Chrono Boost)  
  46  4:05  Stargate  
  46  4:06  Probe (Chrono Boost)  
  46  4:07  Stargate  
  46  4:08  Stargate  
  46  4:09  Probe (Chrono Boost)  
  49  4:18  Pylon, Probe (Chrono Boost)  
  49  4:19  Pylon  
  49  4:20  Mothership Core (Chrono Boost)  
  51  4:30  Probe (Chrono Boost)  
  53  4:38  Nexus, Probe (Chrono Boost)  
  53  4:40  Pylon  
  53  4:42  Pylon, Probe (Chrono Boost)  
  54  4:49  Probe (Chrono Boost)  
  54  4:50  Adept  
  54  4:51  Adept  
  59  4:53  Phoenix x2 (Chrono Boost)  
  59  4:54  Phoenix (Chrono Boost)  
  65  5:11  Nexus  
  65  5:15  Probe  
  65  5:18  Phoenix x2 (Chrono Boost), Probe  
  73  5:22  Phoenix (Chrono Boost)  
  73  5:27  Probe  
  74  5:30  Probe  
  75  5:39  Phoenix (Chrono Boost), Probe  
  75  5:41  Pylon  
  75  5:42  Probe, Assimilator  
  79  5:49  Phoenix (Chrono Boost), Assimilator  
  81  5:50  Phoenix (Chrono Boost)  
  81  5:51  Pylon, Probe  
  81  5:54  Probe  
  85  5:58  Pylon  
  85  6:03  Phoenix (Chrono Boost), Probe  
  88  6:06  Probe  
  88  6:10  Protoss Air Weapons Level 1  
  91  6:14  Phoenix (Chrono Boost)  
  91  6:15  Probe  
  92  6:18  Probe  
  92  6:20  Phoenix (Chrono Boost)  
  95  6:25  Probe  
  95  6:28  Probe  
  95  6:30  Probe  
  98  6:36  Probe  
  98  6:38  Phoenix (Chrono Boost)  
  103  6:40  Probe  
  103  6:42  Phoenix (Chrono Boost)  
  103  6:43  Probe  
  103  6:47  Probe  
  105  6:52  Probe  
  105  6:55  Fleet Beacon  
  105  6:58  Forge, Zealot x2  
  105  7:00  Gateway  
  109  7:02  Pylon  
  109  7:04  Phoenix (Chrono Boost)  
  109  7:36  Photon Cannon  
  109  7:39  Photon Cannon  
  109  7:41  Photon Cannon, Carrier (Chrono Boost)  
  109  7:42  Photon Cannon  
  109  7:43  Photon Cannon  
  123  7:53  Carrier (Chrono Boost)  
  123  8:02  Pylon  
  123  8:03  Carrier (Chrono Boost)  
  129  8:12  Photon Cannon  
  127  8:34  Graviton Catapult  
  131  8:56  Carrier (Chrono Boost)  
  131  9:03  Nexus  
  131  9:07  Pylon  
  131  9:09  Pylon  
  137  9:12  Pylon  
  137  9:15  Assimilator  
  141  9:20  Assimilator  
  141  9:25  Photon Cannon  
  141  9:28  Probe  
  142  9:41  Photon Cannon  
  142  9:42  Photon Cannon  
  142  9:44  Photon Cannon  
  142  9:46  Photon Cannon, Probe  
  143  9:57  Photon Cannon  
  143  9:58  Photon Cannon  
  143  10:09  Stargate  
Show
View Real Time Build Order
Export as new Build Order

Maniac Zerg 

Build Orders: Pool First 

Get SALT Encoding   

  12  0:01  Drone  
  13  0:08  Drone  
  14  0:17  Overlord  
  15  0:35  Drone x2  
  15  0:36  Drone  
  17  0:47  Drone  
  18  0:53  Spawning Pool  
  17  0:57  Drone  
  18  1:08  Overlord  
  18  1:23  Hatchery  
  17  1:35  Drone  
  18  1:48  Hatchery  
  18  1:52  Zergling x2  
  18  2:02  Queen  
  18  2:04  Drone  
  21  2:09  Drone  
  21  2:11  Drone  
  23  2:24  Drone  
  23  2:26  Extractor, Drone  
  24  2:36  Drone  
  25  2:37  Queen  
  27  2:50  Drone x3  
  30  2:57  Overlord  
  30  3:02  Queen  
  30  3:03  Queen  
  34  3:13  Overlord  
  34  3:26  Zergling x2  
  35  3:27  Zergling x14  
  36  4:01  Drone  
  36  4:02  Drone x11  
  46  4:14  Drone  
  46  4:15  Drone x2  
  49  4:18  Drone  
  49  4:22  Pneumatized Carapace  
  50  4:24  Drone  
  50  4:28  Drone x2  
  50  4:30  Drone  
  54  4:38  Drone x3  
  57  4:48  Drone  
  57  4:51  Overlord  
  58  4:54  Lair  
  58  4:57  Drone  
  58  4:58  Roach Warren  
  55  5:10  Drone x10  
  65  5:14  Extractor  
  65  5:16  Extractor  
  65  5:17  Metabolic Boost  
  63  5:38  Spore Crawler  
  63  5:39  Spore Crawler  
  63  5:42  Spore Crawler  
  60  5:44  Spore Crawler  
  60  5:45  Spore Crawler  
  60  5:48  Spore Crawler  
  57  6:02  Overlord x3  
  57  6:05  Glial Reconstitution  
  57  6:10  Hydralisk Den  
  57  6:11  Extractor  
  55  6:12  Overlord x2  
  55  6:20  Drone x2  
  55  6:21  Drone x4  
  59  6:31  Drone  
  59  6:32  Drone x3  
  61  6:47  Hydralisk x6  
  61  6:52  Queen  
  73  6:56  Overlord  
  73  7:02  Extractor  
  73  7:03  Extractor, Queen  
  73  7:07  Queen  
  73  7:11  Drone  
  73  7:12  Drone x6  
  63  7:34  Drone x14  
  73  7:44  Muscular Augments  
  73  7:51  Drone x4  
  73  7:58  Drone x2  
  72  8:02  Overlord  
  73  8:18  Hydralisk x4  
  78  8:28  Spore Crawler  
  78  8:33  Spore Crawler  
  78  8:34  Drone x8  
  77  8:37  Spore Crawler  
  81  9:01  Overlord x2  
  81  9:02  Overlord  
  79  9:03  Overlord  
  77  9:11  Overlord  
  77  9:12  Overlord x5  
  73  9:21  Nydus Network  
  72  9:26  Drone x3  
  72  9:27  Drone x3  
  72  9:29  Drone x4  
  82  9:39  Queen  
  84  9:47  Spire  
Tags
 
Add a new tag
Caveats
  • Supply blocks, unpowered buildings, or Contaminate may cause inaccurate times.
  • Supply counts are checked every 10 seconds.